 Dungeon Sprint DCSS version 0.30-a0-778-g2ef04afb54 (webtiles) character file.

Game seed: 4283755863737090108

10 dialectric the Sneak (level 2, -2/17 (22) HPs)
             Began as a Demonspawn Brigand on Feb 17, 2023.
             Slain by a water moccasin (8 damage)
             ... in the Dungeon (Sprint II: "The Violet Keep of Menkaure").
             The game lasted 00:00:29 (83 turns).

dialectric the Sneak (Demonspawn Brigand)             Turns: 83, Time: 00:00:29

HP:   -2/17 (22)    AC:  3    Str: 11    XL:     2   Next: 10%
MP:   2/2           EV: 11    Int: 12    God:
Gold: 243           SH:  0    Dex: 14    Spells: 1/1 levels left

rFire   . . .      SeeInvis .    a - +2 dagger
rCold   . . .      Faith    .    (no shield)
rNeg    . . .      Spirit   .    b - +0 robe
rPois   .          Reflect  .    (no helmet)
rElec   .          Harm     .    c - +0 cloak
rCorr   .          Rampage  .    (no gloves)
Will    .....      NoTele   +    (no boots)
Stlth   +++                      (no amulet)
HPRegen 0.22/turn                (no ring)
MPRegen 0.16/turn                (no ring)

@: heavily drained
A: magic regeneration
a: no special abilities


You were in the Dungeon.
You visited 1 branch You collected 243 gold pieces.

Inventory:

Hand Weapons
 a - a +2 dagger (weapon)
Missiles
 d - 9 poisoned darts (quivered)
 e - 3 curare-tipped darts
Armour
 b - a +0 robe (worn)
 c - a +0 cloak (worn)
Scrolls
 k - a scroll of blinking
Potions
 f - a potion of curing
 h - a potion of haste
 i - 2 potions of magic


   Skills:
 + Level 2.2 Fighting
 + Level 1.9 Short Blades
 - Level 1.7 Throwing
 + Level 1.0 Dodging
 * Level 5.4 Stealth


You had one spell level left.
You didn't know any spells.
Your spell library was empty.

Dungeon Overview and Level Annotations

Branches:
Dungeon (1/1)

Altars:

Shops:
D *:=[*!:


Innate Abilities, Weirdness & Mutations

You regenerate magic rapidly.


Message History

The necrophage is moderately damaged.
The necrophage hits you.
* * * LOW HITPOINT WARNING * * *
You closely miss the necrophage.
The necrophage is moderately damaged.
The necrophage closely misses you.
You hit the necrophage but do no damage.
The necrophage is moderately damaged.
The necrophage barely misses you.
You feel much better. The necrophage closely misses you.
You hit the necrophage.
The necrophage is moderately damaged.
The necrophage hits you but does no damage.
You barely miss the necrophage.
The necrophage is moderately damaged.
The necrophage hits you.
You feel drained.
You hit the necrophage.
The necrophage is moderately damaged.
The necrophage hits you.
You feel drained.
You hit the necrophage.
The necrophage is moderately damaged.
A water moccasin comes into view.
The necrophage closely misses you.
The water moccasin hisses angrily.
You hit the necrophage.
The necrophage is moderately damaged.
The necrophage closely misses you.
You hit the necrophage but do no damage.
The necrophage is moderately damaged.
You hit the necrophage.
The necrophage is moderately damaged.
The necrophage closely misses you.
You hit the necrophage.
The necrophage is heavily damaged.
The water moccasin bites you. The necrophage hits you.
You feel drained.
You hit the necrophage.
The necrophage is heavily damaged.
The water moccasin bites you but does no damage.
The necrophage barely misses you. The water moccasin bites you!
You die...

######~ .....#~
## ## ∩....#~
##. .## .∩...#~
#..#n.# ∩....#~
###.nn#
.∩.⌠.#~##.# #n#
∩.∩..#~#.####@##
+~'##.'S<.+
∩....#~#...##.##
▓▓▓###~##.###+#
######~ ### ##


You could see a water moccasin and 4 necrophages.

Vanquished Creatures
  3 worms (D)
3 creatures vanquished.

Notes
Turn   | Place    | Note
-------+----------+-------------------------------------------
     0 | D        | dialectric the Demonspawn Brigand began the quest for the
                  | Orb.
     0 | D        | Reached XP level 1. HP: 16/16 MP: 1/1
    12 | D        | Reached skill level 4 in Stealth
    14 | D        | Reached skill level 5 in Stealth
    52 | D        | Found Utweagou's Distillery.
    52 | D        | Found Lyadoom's Assorted Antiques.
    53 | D        | Found Ytu Imyo's Book Shop.
    53 | D        | Found Xuph's Antique Armour Shop.
    53 | D        | Found Luobis's Jewellery Boutique.
    53 | D        | Found Seubog's Book Shop.
    53 | D        | Found Jeqidall's Assorted Antiques.
    56 | D        | Reached skill level 1 in Dodging
    56 | D        | Gained mutation: You regenerate magic rapidly. [demonic
                  | ancestry]
    56 | D        | Reached XP level 2. HP: 22/22 MP: 2/2
    63 | D        | Noticed a necrophage
    63 | D        | Noticed a necrophage
    63 | D        | Noticed a necrophage
    63 | D        | Noticed a necrophage
    78 | D        | Noticed a water moccasin
    83 | D        | Slain by a water moccasin

Illustrated notes

Levels and vault maps discovered:
D:        the_violet_keep_of_menkaure [sprint2_stairs_cluster_1,
          sprint2_shoproom, sprint2_temple, sprint2_basic_supplies,
          sprint2_obstacle_3, sprint2_obstacle_5, sprint2_obstacle_4,
          sprint2_obstacle_6, sprint2_obstacle_7, sprint2_timed_cluster_1,
          sprint2_smallroom_cluster_1, sprint2_smallroom_final_cluster_1,
          sprint2_transparent_cluster_1, sprint2_second_timed_cluster_1,
          sprint2_sniper_area_1, sprint2_heavy_combat_area_1,
          sprint2_mutation_trap_area_1, sprint2_forest_area_1,
          sprint2_light_combat_area_1, sprint2_behind_water_1,
          sprint2_near_end_vault_1]

Skill      XL: |  1 |
---------------+----+-----
Stealth        | 5 |  5.4
Dodging        | 1 |  1.0
Fighting       | |  2.2
Short Blades   | |  1.9
Throwing       | |  1.7

Action                     || total
---------------------------++-------
  Melee: Dagger            ||    27
    Use: Potion            ||     2
   Stab: Sleeping          ||     1
 Armour: Robe              ||     3
  Dodge: Dodged            ||    11

Table legend: (Time is in decaauts)
 A = Elapsed time spent in this place.
 B = Non-inter-level travel time spent in this place.
 C = Inter-level travel time spent in this place.
 D = Time resting spent in this place.
 E = Time spent auto-exploring this place.
 F = Levels seen in this place.
 G = Mean time per level.
                   A        B        C        D        E       F      G
               +--------+--------+--------+--------+--------+-----+--------+
         Total |     93 |     93 |      0 |     49 |      0 |   1 |   93.0 |
       Dungeon |     93 |     93 |      0 |     49 |      0 |   1 |   93.0 |
               +--------+--------+--------+--------+--------+-----+--------+

Top non-repeatable levels by time:
       D: 93 daAuts
